 Dungeon Crawl Stone Soup version 0.16-a0-3770-gc215ce9 (console) character file.

46 MarvinPA the Cutter (level 3, 0/19 HPs)
             Began as a Vine Stalker Abyssal Knight on Jan 24, 2015.
             Was a Believer of Lugonu.
             Succumbed to an adder's poison
             ... on level 2 of the Dungeon.
             The game lasted 00:02:23 (984 turns).

MarvinPA the Cutter (Vine Stalker Abyssal Knight)    Turns: 984, Time: 00:02:23

Health: 0/19       AC:  3    Str: 19    XL:     3   Next: 68%
Magic:  4/4        EV: 12    Int: 12    God:    Lugonu [**....]
Gold:   83         SH:  0    Dex: 14    Spells: 0 memorised, 2 levels left

rFire  . . .     SeeInvis .     a - +1 short sword
rCold  . . .     Clarity  +     b - +0 leather armour
rNeg   . . .     SustAb   .     (no shield)
rPois  .         Gourm    .     (no helmet)
rElec  .         Spirit   +     (no cloak)
rCorr  .         Warding  .     (no gloves)
rMut   .         Stasis   .     (no boots)
MR     .....                    h - amulet of clarity
Stlth  +.........               (no ring)
                                (no ring)

@: mighty, lethally poisoned, not resistant to hostile enchantments, very
unstealthy
A: fangs 2, regeneration 1, magic shield, antimagic bite, no device heal 3, rot
immunity
a: Depart the Abyss, Bend Space, Renounce Religion


You were on level 2 of the Dungeon.
You worshipped Lugonu.
Lugonu was pleased with you.
You were not hungry.

You visited 1 branch of the dungeon, and saw 2 of its levels.
You visited the Abyss 1 time.

You collected 83 gold pieces.


Innate Abilities, Weirdness & Mutations

You have extremely sharp teeth.
Your natural rate of healing is unusually fast.
When hurt, damage is shared between your health and your magic reserves.
Your bite disrupts and absorbs the magic of your enemies.
Potions and wands cannot restore your health.
You are immune to rotting.


   Skills:
 - Level 2.6 Fighting
 + Level 2.7 Short Blades
 - Level 1.5 Armour
 + Level 2.0 Dodging
 - Level 1.7 Invocations


You had 2 spell levels left.
You didn't know any spells.

Inventory:

Hand weapons
 a - a +1 short sword (weapon)
Armour
 b - a +0 leather armour (worn)
Jewellery
 h - an amulet of clarity (around neck)
Scrolls
 e - a scroll of recharging {unknown}
 f - a scroll of noise {unknown}
 g - 4 scrolls of magic mapping {unknown}
Comestibles
 c - 4 bread rations
 d - a meat ration

Dungeon Overview and Level Annotations

Branches:
Dungeon (2/15)

Altars:

... ......... ..........#
#..........##
.#...........#
.............#
.?...........#
........††.<..##
....###f###...####
...<..............#######
....##......>...........
....###.................
.................##....
#.##...###.##..###....
#.#.# #.##.####.... #.#.#
#....###..#.. #...#
#.#####.....#


There were no monsters in sight!


Message History

The adder is heavily wounded.
* * * LOW HITPOINT WARNING * * *
You feel sick. The adder bites you but does no damage.
The adder barely misses you.
You barely miss the adder.
The adder is heavily wounded.
* * * LOW HITPOINT WARNING * * *
You feel sick. The adder bites you.
* * * LOW HITPOINT WARNING * * *
You miss the adder.
The adder is heavily wounded.
The adder bites you.
* * * LOW HITPOINT WARNING * * *
You closely miss the adder.
The adder is heavily wounded.
* * * LOW HITPOINT WARNING * * *
You feel sick. The adder closely misses you.
You miss the adder.
The adder is heavily wounded.
* * * LOW HITPOINT WARNING * * *
You feel sick. The adder barely misses you.
The adder bites you but does no damage.
You barely miss the adder. You bite the adder! You drain its power.
You feel invigorated.
You kill the adder!
Lugonu accepts your kill.
Your Dodging skill increases to level 2!
There is a lethal amount of poison in your body!
There is a lethal amount of poison in your body!
You die...

Action                   || total
-------------------------++-------
Melee: Short sword       ||    80
Invok: Depart the Abyss  ||     1
  Use: Potion            ||     1
 Stab: Sleeping          ||     1

Vault maps used:
D:1:      sevenhm_arrival_forest_fort_large_2, kennysheep_pointless_box
D:2:      wad_orctagon
Abyss:1:  evilmike_abyss_exit_plants

Notes
Turn   | Place    | Note
--------------------------------------------------------------
     0 | Abyss:1  | MarvinPA, the Vine Stalker Abyssal Knight, began the quest for the Orb.
     0 | Abyss:1  | Reached XP level 1. HP: 11/11 MP: 1/1
    38 | D:1      | Escaped the Abyss
    94 | D:1      | Reached skill level 1 in Dodging
   156 | D:1      | Reached skill level 2 in Short Blades
   186 | D:1      | Acquired Lugonu's first power
   186 | D:1      | Reached XP level 2. HP: 16/16 MP: 3/3
   627 | D:1      | Reached XP level 3. HP: 15/19 MP: 2/4
   967 | D:2      | Acquired Lugonu's second power
   982 | D:2      | HP: 1/19 [poisoned by an adder]
   983 | D:2      | Reached skill level 2 in Dodging
   984 | D:2      | Succumbed to an adder's poison

Vanquished Creatures
  2 adders (D:2)
  3 goblins (D:1)
  2 hobgoblins (D:1)
  4 jackals (D:1)
  6 kobolds (D:1)
  5 bats
  4 giant newts
  A rat (D:1)
27 creatures vanquished.
